 Dungeon Crawl Stone Soup version 0.32-a0-131-g9dbbe29261 (webtiles) character file.

Game seed: 2752836815262249032

464 Ambrosia the Ducker (level 6, 0/53 HPs)
             Began as a Minotaur Gladiator on Feb 8, 2024.
             Slain by an orc wizard
             ... wielding a +0 dagger
              (2 damage)
             ... on level 4 of the Dungeon.
             The game lasted 00:05:45 (3681 turns).

Ambrosia the Ducker (Minotaur Gladiator)            Turns: 3681, Time: 00:05:45

Health: 0/53       AC:  3    Str: 19    XL:     6   Next: 80%
Magic:  5/5        EV: 14    Int:  5    God:
Gold:   226        SH:  0    Dex: 13    Spells: 5/5 levels left

rFire   . . .        a - +0 quarterstaff
rCold   . . .        (shield currently unavailable)
rNeg    . . .        b - +0 leather armour
rPois   .            c - +0 hat
rElec   .            (no cloak)
rCorr   +            (no gloves)
SInv    .            (no boots)
Will    +....        (no amulet)
Stlth   +            h - ring of resist corrosion
HPRegen 0.28/turn    f - ring of willpower
MPRegen 0.09/turn

%: no passive effects
@: studying Dodging
A: horns 2, retaliatory headbutt
a: no special abilities


You were on level 4 of the Dungeon.
You visited 1 branch of the dungeon, and saw 4 of its levels.
You also visited: Ossuary.

You collected 226 gold pieces.

Inventory:

Hand Weapons
 a - a +0 quarterstaff (weapon)
Missiles
 d - a throwing net {=f, !d}
 e - 3 javelins (quivered)
Armour
 b - a +0 leather armour (worn)
 c - a +0 hat (worn)
Jewellery
 f - a ring of willpower (right hand)
   (You found it on level 2 of the Dungeon)
 h - a ring of resist corrosion (left hand)
   (You found it on level 1 of the Dungeon)
Wands
 n - a wand of digging (6)
   (You found it in an ossuary)
Scrolls
 g - 2 scrolls of noise {!r}
 j - a scroll of amnesia
Potions
 i - 4 potions of mutation {unknown}
 k - 3 potions of enlightenment
 l - a potion of degeneration {unknown}
 m - a potion of invisibility {unknown}
 o - a potion of lignification {unknown}
 p - a potion of might {unknown}


   Skills:
 + Level 4.5 Fighting
 + Level 5.1 Staves
 - Level 2.0 Throwing
 + Level 3.6 Armour
 * Level 7.5 Dodging


You had 5 spell levels left.
You didn't know any spells.
Your spell library was empty.

Dungeon Overview and Level Annotations

Branches:
Dungeon (4/15) Zot: 20905 Ossuary (visited)
 Temple: D:4-7

Altars:
Gozag
Nemelex Xobeh
Xom

Shops:
D:2 [(:


Innate Abilities, Weirdness & Mutations

You have a pair of horns on your head.
You reflexively headbutt those who attack you in melee.


Message History

No target in view!
An endoplasm comes into view.
The endoplasm quivers.
The endoplasm moves out of view.
m - a viscous red potion No target in view!
An endoplasm and an orc wizard come into view.
The orc wizard is wielding a +0 dagger of electrocution.
The orc wizard shouts!
You hear a shout!
You see here 10 gold pieces.
The orc wizard points at you and mumbles some strange words.
The magic dart hits you!
There are monsters nearby!
You take 10 damage, and have 43/53 hp.
Okay, then.
An orc wizard comes into view. It is wielding a +0 dagger.
The endoplasm barely misses you.
You see here 10 gold pieces.
You now have 226 gold pieces (gained 10).
An orc comes into view. It is wielding a +0 flail.
The endoplasm hits you but does no damage.
You hit the endoplasm.
You headbutt the endoplasm, but do no damage.
The endoplasm hits you but does no damage.
You hit the endoplasm but do no damage. The endoplasm closely misses you.
You sock the endoplasm!
You kill the endoplasm!
The orc wizard mumbles some strange words.
The orc wizard flickers and vanishes!
Deactivating autopickup; reactivate with Ctrl-A.
You hear a shout!
You hit the orc wizard. The orc wizard misses you.
An orc wizard comes into view. It is wielding a +0 dagger.
You hit the orc wizard.
The orc wizard points at you and mumbles some strange words.
You resist with almost no effort.
Something hits the withered plant.
The withered plant begins to crumble.
You hit the orc wizard. The orc wizard barely misses you.
An orc comes into view. It is wielding a +0 club.
The orc shouts!
You hit the orc wizard.
You kill the orc wizard!
Something hits you but does no damage.
The orc wizard mumbles some strange words.
The orc wizard flickers and vanishes!
You hit the orc. Something hits you. The orc barely misses you.
You take 2 damage, and have 44/53 hp.
You hit the orc.
The withered plant crumbles away.
Something hits you. The orc hits you with a +0 flail.
You take 6 damage, and have 38/53 hp.
You are too injured to fight recklessly!
You are too injured to fight recklessly!
You are too injured to fight recklessly!
Something hits you but does no damage. Something hits you but does no damage.
A magic dart appears from out of thin air!
The magic dart hits you!
You take 6 damage, and have 32/53 hp.
The orc hits you with a +0 flail.
You take 2 damage, and have 30/53 hp.
The orc closely misses you. You furiously retaliate!
You headbutt the orc.
You kill the orc!
Something hits you.
You take 3 damage, and have 27/53 hp.
Something hits you.
You take 2 damage, and have 25/53 hp.
You closely miss something. Something hits you but does no damage.
You closely miss something. Something hits you but does no damage.
You sock something!
You hear some strange, mumbled words.
A magic dart appears from out of thin air!
The magic dart hits you.
You take 5 damage, and have 21/53 hp.
Something hits you. The orc misses you. Something hits you but does no damage.
You take 2 damage, and have 19/53 hp.
You hit the orc. You headbutt the orc. Something hits you.
The orc hits you but does no damage. Something hits you.
You take 3 damage, and have 16/53 hp.
You miss something.
You hear some strange, mumbled words.
Something tries to affect you, but you resist.
The orc hits you with a +0 club.
* * * LOW HITPOINT WARNING * * *
Something hits you.
* * * LOW HITPOINT WARNING * * *
You take 4 damage, and have 12/53 hp.
You hit something but do no damage.
You hear some strange, mumbled words.
Something tries to affect you, but you resist.
The orc closely misses you. Something hits you.
* * * LOW HITPOINT WARNING * * *
You take 2 damage, and have 10/53 hp.
You sock something! Something hits you.
* * * LOW HITPOINT WARNING * * *
The orc hits you with a +0 club.
* * * LOW HITPOINT WARNING * * *
Something hits you.
* * * LOW HITPOINT WARNING * * *
Something hits you.
You die...

.......[...##...#'#'#'##
....#(..........#.#.#.'.
....#...).......########
...........###..#
#........<.##....#
###.............##
#..###.........##
##.####.......... .
#..@o)..#.....
#.....{#...##....
#......##.).......
##.....##.........
##.#.........P...
####.....<.....#
#...#........
#...#.....P..
#.......##..P


You could see an orc.

Vanquished Creatures
  A weeping skull (Ossuary)
  A water moccasin zombie (Ossuary)
  3 human zombies (D:4)
  A spectral scorpion (Ossuary)
  An orc wizard (D:4)
  2 crocodile zombies (Ossuary)
  2 mummies (Ossuary)
  4 adders (D:2 D:4)
  3 adder zombies (Ossuary)
  3 ribbon worms (D:2 D:3)
  A dart slug (D:2)
  An orc (D:4)
  6 endoplasms (D:1 D:3 D:4)
  4 giant cockroaches (D:1 D:2 D:3 D:4)
  6 goblins (D:1 D:2 D:3 D:4)
  5 hobgoblins (D:1 D:3 D:4)
  3 quokkas (D:3 D:4)
  5 ball pythons (D:1 D:2 D:3)
  5 bats (D:1 D:2 D:3)
  2 frilled lizards (D:1 D:3)
  7 gnoll zombies (Ossuary)
  8 jackal zombies (Ossuary)
  6 kobolds (D:1 D:2)
  6 orc zombies (D:4 Ossuary)
  6 rats (D:1 D:2 D:3)
92 creatures vanquished.

Notes
Turn   | Place    | Note
-------+----------+-------------------------------------------
     0 | D:1      | Ambrosia the Minotaur Gladiator began the quest for the
                  | Orb.
     0 | D:1      | Reached XP level 1. HP: 18/18 MP: 0/0
    26 | D:1      | Found a faded altar of an unknown god.
   116 | D:1      | Reached skill level 1 in Armour
   305 | D:1      | Reached XP level 2. HP: 21/25 MP: 1/1
   660 | D:1      | Identified a scroll of acquirement
   660 | D:1      | Acquired a manual of Dodging
   921 | D:2      | Found Begagom's Book Emporium.
   931 | D:2      | Reached skill level 3 in Fighting
   931 | D:2      | Reached skill level 4 in Dodging
   931 | D:2      | Reached XP level 3. HP: 25/31 MP: 2/2
  1114 | D:2      | Reached skill level 4 in Staves
  1270 | D:2      | Found Ysunath's Armour Emporium.
  1365 | D:2      | Found Iroabolo's Antique Weapon Shop.
  1832 | D:3      | Reached skill level 2 in Armour
  1948 | D:3      | Found a sparkling altar of Nemelex Xobeh.
  1956 | D:3      | Found an opulent altar of Gozag.
  1956 | D:3      | Found a shimmering altar of Xom.
  2186 | D:3      | Reached XP level 4. HP: 38/38 MP: 3/3
  2847 | D:4      | Reached skill level 5 in Dodging
  2936 | D:4      | Reached XP level 5. HP: 35/45 MP: 4/4
  2943 | D:4      | Found a sand-covered staircase.
  2958 | D:4      | Reached skill level 6 in Dodging
  2963 | Ossuary  | Entered an ossuary
  3121 | Ossuary  | Reached skill level 4 in Fighting
  3121 | Ossuary  | Reached skill level 3 in Armour
  3121 | Ossuary  | Reached XP level 6. HP: 39/52 MP: 5/5
  3125 | Ossuary  | Reached skill level 7 in Dodging
  3214 | Ossuary  | Reached skill level 5 in Staves
  3266 | Ossuary  | HP: 20/53 [mummy (17)]
  3273 | Ossuary  | HP: 7/53 [crocodile zombie (4)]
  3279 | Ossuary  | HP: 4/53 [crocodile zombie (5)]
  3287 | Ossuary  | elongatedgoose: Oh hey unblocked
  3288 | Ossuary  | Ambrosia: listen
  3288 | Ossuary  | Ambrosia: I'm eating btw so sorry if slow typing
  3288 | Ossuary  | Ambrosia: *I'm* sorry
  3288 | Ossuary  | Ambrosia: okay
  3288 | Ossuary  | elongatedgoose: Speak
  3288 | Ossuary  | Ambrosia: chill
  3288 | Ossuary  | Ambrosia: I'm sorry alright
  3288 | Ossuary  | elongatedgoose: Are u
  3288 | Ossuary  | Ambrosia: idk why I thought u were in the wrong but I was
  3288 | Ossuary  | Ambrosia: You had all rights to say that considering I was
                  | indeed being a bitch
  3288 | Ossuary  | Ambrosia: It's just a lot has been happening and i'm not
                  | the most enjoyable at the moment
  3288 | Ossuary  | elongatedgoose: Mhmmm
  3288 | Ossuary  | elongatedgoose: Right
  3288 | Ossuary  | Ambrosia: ):
  3288 | Ossuary  | elongatedgoose: Yk how many times I can hear sorry before I
                  | stop caring right
  3288 | Ossuary  | Ambrosia: yes ik
  3288 | Ossuary  | Ambrosia: but i am
  3288 | Ossuary  | Ambrosia: why else would I unblock you and say this?
  3288 | Ossuary  | elongatedgoose: Makes you feel bettr in your mind
  3288 | Ossuary  | Ambrosia: I have to be real, I actually like you just
                  | ranting about random stuff like dark souls and stuff
  3288 | Ossuary  | Ambrosia: even though sometimes I appear as if I don't
  3288 | Ossuary  | Ambrosia: it's nice company
  3288 | Ossuary  | Ambrosia: plus ur funni so
  3288 | Ossuary  | Ambrosia: comedy as well
  3288 | Ossuary  | elongatedgoose: Yea but I'm done being company just gonna
                  | go now this ain't anything I haven't heard before
  3288 | Ossuary  | Ambrosia: wait
  3288 | Ossuary  | Ambrosia: just hold on
  3288 | Ossuary  | Ambrosia: lemme finish rq so i have botn hanfs
  3288 | Ossuary  | Ambrosia: holld
  3288 | Ossuary  | Ambrosia: okay
  3288 | Ossuary  | Ambrosia: what do you want me to do for you?
  3288 | Ossuary  | Ambrosia: I have to have some way to say sorry in a way
                  | that you approve
  3288 | Ossuary  | Ambrosia: please
  3288 | Ossuary  | Ambrosia: goose?
  3288 | Ossuary  | elongatedgoose: To be honest there's nothing you can
  3288 | Ossuary  | Ambrosia: why can't you understand I am sorry?
  3288 | Ossuary  | Ambrosia: I didn't hold a grudge why do you have to?
  3288 | Ossuary  | Ambrosia: I know I can be annoying a lot but seriously ur
                  | amazin company
  3288 | Ossuary  | Ambrosia: jesus christ this grilled cheese tastes like
                  | plastic
  3288 | Ossuary  | elongatedgoose: Yea bye
  3288 | Ossuary  | Ambrosia: please
  3288 | Ossuary  | Ambrosia: my go
  3288 | Ossuary  | Ambrosia: god
  3288 | Ossuary  | Ambrosia: I just tryna lighten the mood bruh
  3288 | Ossuary  | Ambrosia: I already am stressed enough w/ school
  3288 | Ossuary  | Ambrosia: considering I am literally in it rn
  3288 | Ossuary  | elongatedgoose: Then lighten it
  3288 | Ossuary  | elongatedgoose: Bye
  3672 | D:4      | HP: 25/53 [something (2)]
  3677 | D:4      | HP: 19/53 [something (2)]
  3681 | D:4      | HP: 8/53 [something (2)]
  3681 | D:4      | HP: 3/53 [orc/+0 club (5)]
  3681 | D:4      | Slain by an orc wizard

Illustrated notes

Levels and vault maps discovered:
D:1:      scummos_arrival_forest, layout_basic, ebering_ecumenical_altar_hall
D:2:      layout_basic, serial_shops, shop_fountains, nicolae_shop_stone,
          nicolae_shop_gibbet_a_chance, chequers_serial_rivers_room_b,
          serial_bayou_lagoon_b
D:3:      layout_basic, minitemple
D:4:      layout_cave_pools, kiku_gazebo_garden_becter,
          nicolae_ossuary_entry_catacombs, uniq_sigmund

Skill      XL: |  1  2  3  4  5  6 |
---------------+-------------------+-----
Armour         | 1 2 3 |  3.6
Fighting       | 3 4 |  4.5
Dodging        | 4 5 6 7 |  7.5
Staves         | 4 5 |  5.1
Throwing       | |  2.0

Action                     |  1- 3 |  4- 6 || total
---------------------------+-------+-------++-------
  Melee: Quarterstaff      |    75 |   142 ||   217
         Headbutt          |     6 |    22 ||    28
  Throw: Throwing net      |     5 |     1 ||     6
         Javelin           |       |     3 ||     3
    Use: Scroll            |     8 |     3 ||    11
         Potion            |       |     1 ||     1
   Stab: Sleeping          |       |     2 ||     2
 Armour: Leather armour    |    37 |    89 ||   126
  Dodge: Dodged            |    56 |   105 ||   161

Table legend: (Time is in decaauts)
 A = Elapsed time spent in this place.
 B = Non-inter-level travel time spent in this place.
 C = Inter-level travel time spent in this place.
 D = Time resting spent in this place.
 E = Time spent auto-exploring this place.
 F = Levels seen in this place.
 G = Mean time per level.
                   A        B        C        D        E       F      G
               +--------+--------+--------+--------+--------+-----+--------+
         Total |   3723 |   3684 |     39 |    578 |   2448 |   5 |  744.6 |
       Dungeon |   3093 |   3054 |     39 |    378 |   2144 |   4 |  773.2 |
       Ossuary |    629 |    629 |      0 |    200 |    304 |   1 |  629.0 |
               +--------+--------+--------+--------+--------+-----+--------+

Top non-repeatable levels by time:
     D:2: 1131 daAuts
     D:3: 883 daAuts
     D:1: 677 daAuts
 Ossuary: 629 daAuts
     D:4: 401 daAuts

Levels and vault maps discovered:
D:1:      scummos_arrival_forest, layout_basic, ebering_ecumenical_altar_hall
D:2:      layout_basic, serial_shops, shop_fountains, nicolae_shop_stone,
          nicolae_shop_gibbet_a_chance, chequers_serial_rivers_room_b,
          serial_bayou_lagoon_b
D:3:      layout_basic, minitemple
D:4:      layout_cave_pools, kiku_gazebo_garden_becter,
          nicolae_ossuary_entry_catacombs, uniq_sigmund

Table legend: (Time is in decaauts)
 A = Elapsed time spent in this place.
 B = Non-inter-level travel time spent in this place.
 C = Inter-level travel time spent in this place.
 D = Time resting spent in this place.
 E = Time spent auto-exploring this place.
 F = Levels seen in this place.
 G = Mean time per level.
                   A        B        C        D        E       F      G
               +--------+--------+--------+--------+--------+-----+--------+
         Total |   3723 |   3684 |     39 |    578 |   2448 |   5 |  744.6 |
       Dungeon |   3093 |   3054 |     39 |    378 |   2144 |   4 |  773.2 |
       Ossuary |    629 |    629 |      0 |    200 |    304 |   1 |  629.0 |
               +--------+--------+--------+--------+--------+-----+--------+

Top non-repeatable levels by time:
     D:2: 1131 daAuts
     D:3: 883 daAuts
     D:1: 677 daAuts
 Ossuary: 629 daAuts
     D:4: 401 daAuts

Table legend:
 A = Kills in this place as a percentage of kills in the entire game.
 B = Kills by you in this place as a percentage of kills by you in the entire game.
 C = Kills by friends in this place as a percentage of kills by friends in the entire game.
 D = Other kills in this place as a percentage of other kills in the entire game.
 E = Experience gained in this place as a percentage of experience gained in the entire game.
 F = Experience gained in this place divided by the number of levels of this place that you have seen.
                   A       B       C       D       E      F
               +-------+-------+-------+-------+-------+----------------------
         Total | 100.0 | 100.0 |   N/A |   N/A | 100.0 | 132.8
       Dungeon |  69.6 |  69.6 |   N/A |   N/A |  47.3 |  78.5
       Ossuary |  30.4 |  30.4 |   N/A |   N/A |  52.7 | 350.0
               +-------+-------+-------+-------+-------+----------------------
